 Dungeon Crawl Stone Soup version 0.24-a0-479-g9a978d2894 (webtiles) character file.

Game seed: 16492401452840886820

574745 Bapho the Slayer (level 27, -1/259 HPs)
             Began as a Hill Orc Berserker on July 7, 2019.
             Was the Champion of Zin.
             Splashed by an acid blob's acid (7 damage)
             ... created by the Royal Jelly
             ... on level 4 of the Pits of Slime.
             The game lasted 03:13:07 (76023 turns).

Bapho the Slayer (Hill Orc Berserker)              Turns: 76023, Time: 03:13:07

Health: -1/259     AC: 28    Str: 30    XL:     27
Magic:  11/11      EV: 21    Int: 13    God:    Zin [******]
Gold:   3637       SH: 16    Dex: 23    Spells: 26/26 levels left

rFire    . . .     SeeInvis .   h - +9 eveningstar (antimagic)
rCold    + . .     Gourm    .   q - +0 shield
rNeg     + . .     Faith    .   t - +8 orange crystal plate armour {Archmagi, Int+3 Clar}
rPois    +         Spirit   .   O - +0 hat {MR+}
rElec    +         Reflect  .   G - +0 cloak "Genaythi" {rPois}
rCorr    .         Harm     .   Q - +3 pair of gauntlets of War {Slay+5}
MR       +++++     Clarity  +   W - +1 pair of boots
Stlth    ..........             x - amulet "Deruosaf" {Acrobat Fragile Dex+7 Slay+5}
HPRegen  0.53/turn              U - ring "Qairamirgh" {+Fly rElec rPois MR++ Int+3}
MPRegen  0.12/turn              N - ring "Naneimog" {rC+ rN+ Str+3}

@: corroded, studying Crossbows
A: no striking features
}: 3/15 runes: serpentine, barnacled, silver
a: Recite, Vitalisation, Imprison, Sanctuary, Donate Gold, Renounce Religion,
Evoke Flight


You were on level 4 of the Pits of Slime.
You worshipped Zin.
Zin was exalted by your worship.
You were hungry.

You visited 9 branches of the dungeon, and saw 49 of its levels.
You also visited: Sewer, Ossuary, Bailey and Ice Cave.

You collected 7691 gold pieces.
You spent 881 gold pieces at shops.
You donated 3173 gold pieces to Zin.

Inventory:

Hand Weapons
 h - a +9 antimagic eveningstar (weapon)
Missiles
 d - 1282 stones
 l - 67 silver javelins (quivered)
 E - 8 boomerangs of dispersal
Armour
 q - a +0 shield (worn)
 t - the +8 orange crystal plate armour (worn) {Archmagi, Int+3 Clar}
   (You found it on level 3 of the Elven Halls)

   It affects your intelligence (+3).
   It protects you against confusion.
 G - the +0 cloak "Genaythi" (worn) {rPois}
   (You found it on level 8 of the Dungeon)

   It protects you from poison.
 I - +7 gold dragon scales
 O - a +0 hat of magic resistance (worn)
 Q - the +3 pair of gauntlets of War (worn) {Slay+5}
   (You found it in an ice cave)

   It affects your accuracy and damage with ranged weapons and melee attacks
   (+5).
 W - a +1 pair of boots (worn)
Jewellery
 j - a +2 ring of intelligence
 x - the amulet "Deruosaf" (around neck) {Acrobat Fragile Dex+7 Slay+5}
   (You found it on level 4 of the Lair of Beasts)

   [amulet of the acrobat]

   It helps you evade while moving and waiting.
   It affects your dexterity (+7).
   It affects your accuracy and damage with ranged weapons and melee attacks
   (+5).
   It will be destroyed if unequipped.
 z - an uncursed ring of positive energy
 N - the ring "Naneimog" (right hand) {rC+ rN+ Str+3}
   (You found it on level 2 of the Depths)

   [ring of positive energy]

   It affects your strength (+3).
   It protects you from cold.
   It protects you from negative energy.
 S - the ring "Imyfred" {Wiz -Tele rC+++ Int+5 Stlth-}
   (You took it off a deep elf annihilator on level 3 of the Depths)

   [ring of wizardry]

   It improves your spell success rate.
   It affects your intelligence (+5).
   It renders you almost immune to cold.
   It prevents most forms of teleportation.
   It makes you less stealthy.
 U - the ring "Qairamirgh" (left hand) {+Fly rElec rPois MR++ Int+3}
   (You took it off a tengu reaver on level 3 of the Depths)

   [ring of poison resistance]

   It affects your intelligence (+3).
   It insulates you from electricity.
   It protects you from poison.
   It affects your resistance to hostile enchantments.
   It lets you fly.
 Y - an uncursed ring of wizardry
Wands
 a - a wand of iceblast (11)
 k - a wand of digging (7)
 J - a wand of enslavement (11)
 K - a wand of disintegration (28)
 M - a wand of paralysis (58)
Scrolls
 e - 3 scrolls of brand weapon
 g - 20 scrolls of remove curse
 m - 7 scrolls of magic mapping
 p - 7 scrolls of enchant weapon
 u - 7 scrolls of fog
 v - 5 scrolls of summoning
 B - 20 scrolls of teleportation
 L - 5 scrolls of enchant armour
 P - 13 scrolls of identify
 R - 2 scrolls of silence
 X - 4 scrolls of blinking
 Z - 8 scrolls of fear
Potions
 b - 7 potions of cancellation
 f - 13 potions of flight
 i - 23 potions of curing
 r - 11 potions of agility
 s - 5 potions of berserk rage
 w - 4 potions of magic
 A - 4 potions of might
 C - 10 potions of heal wounds
 D - 2 potions of invisibility
 F - 4 potions of resistance
 H - 4 potions of mutation
 T - 10 potions of haste
 V - 6 potions of ambrosia
Books
 n - a manual of Crossbows
Comestibles
 c - 52 rations


   Skills:
 + Level 23.6 Fighting
 - Level 16.0 Maces & Flails
 - Level 16.0 Throwing
 - Level 19.7 Armour
 - Level 20.2 Dodging
 - Level 15.0 Shields
 - Level 13.5 Invocations


You had 26 spell levels left.
You didn't know any spells.
Your spell library contained the following spells:

 Spells                   Type           Power        Failure   Level  Hunger
 Animate Skeleton         Necr           N/A          97%         1    ##.....
 Apportation              Tloc           #.....       97%         1    ##.....
 Beastly Appendage        Tmut           #.....       97%         1    ##.....
 Confusing Touch          Hex            #.....       97%         1    ##.....
 Corona                   Hex            #......      97%         1    ##.....
 Flame Tongue             Conj/Fire      #....        97%         1    ##.....
 Freeze                   Ice            #...         97%         1    ##.....
 Infusion                 Chrm           #...         97%         1    ##.....
 Magic Dart               Conj           #...         97%         1    ##.....
 Shock                    Conj/Air       #...         97%         1    ##.....
 Summon Butterflies       Summ           #.......     97%         1    ##.....
 Summon Small Mammal      Summ           #...         97%         1    ##.....
 Blink                    Tloc           N/A          99%         2    ###....
 Call Imp                 Summ           #.......     99%         2    ###....
 Slow                     Hex            #.......     99%         2    ###....
 Sticks to Snakes         Tmut           #.......     99%         2    ###....
 Swiftness                Chrm/Air       #.......     99%         2    ###....
 Call Canine Familiar     Summ           #.......     100%        3    ####...
 Confuse                  Hex            #.......     100%        3    ####...
 Conjure Flame            Conj/Fire      #.......     100%        3    ####...
 Gell's Gravitas          Tloc           #.........   100%        3    ####...
 Ignite Poison            Fire/Tmut/Pois #.......     100%        3    ####...
 Inner Flame              Hex/Fire       #.......     100%        3    ####...
 Lesser Beckoning         Tloc           #.........   100%        3    ####...
 Mephitic Cloud           Conj/Pois/Air  #.......     100%        3    ####...
 Portal Projectile        Hex/Tloc       #.....       100%        3    ####...
 Recall                   Summ/Tloc      N/A          100%        3    ####...
 Spider Form              Tmut/Pois      #.........   100%        3    ####...
 Static Discharge         Conj/Air       #.......     100%        3    ####...
 Summon Guardian Golem    Hex/Summ       #.......     100%        3    ####...
 Tukima's Dance           Hex            #.......     100%        3    ####...
 Airstrike                Air            #.........   100%        4    #####..
 Animate Dead             Necr           N/A          100%        4    #####..
 Cause Fear               Hex            #.........   100%        4    #####..
 Ice Form                 Ice/Tmut       #.......     100%        4    #####..
 Leda's Liquefaction      Hex/Erth       #.........   100%        4    #####..
 Petrify                  Tmut/Erth      #.......     100%        4    #####..
 Summon Ice Beast         Ice/Summ       #.......     100%        4    #####..
 Summon Lightning Spire   Summ/Air       #.......     100%        4    #####..
 Alistair's Intoxication  Tmut/Pois      #.......     100%        5    ######.
 Blade Hands              Tmut           #.........   100%        5    ######.
 Borgnjor's Vile Clutch   Necr/Erth      #.........   100%        5    ######.
 Excruciating Wounds      Chrm/Necr      #.........   100%        5    ######.
 Fireball                 Conj/Fire      #.........   100%        5    ######.
 Lightning Bolt           Conj/Air       #.........   100%        5    ######.
 Metabolic Englaciation   Hex/Ice        #.........   100%        5    ######.
 Silence                  Hex/Air        #.........   100%        5    ######.
 Yara's Violent Unravell  Hex/Tmut       #.........   100%        5    ######.
 Bolt of Cold             Conj/Ice       #.........   100%        6    #######
 Bolt of Fire             Conj/Fire      #.........   100%        6    #######
 Conjure Ball Lightning   Conj/Air       #.........   100%        6    #######
 Death Channel            Necr           #.........   100%        6    #######
 Deflect Missiles         Chrm/Air       #.........   100%        6    #######
 Freezing Cloud           Conj/Ice/Air   #.........   100%        6    #######
 Invisibility             Hex            #.......     100%        6    #######
 Ozocubu's Refrigeration  Ice            #.........   100%        6    #######
 Poison Arrow             Conj/Pois      #.........   100%        6    #######
 Simulacrum               Ice/Necr       #.........   100%        6    #######
 Dragon Form              Tmut           #.........   100%        7    #######
 Ring of Flames           Chrm/Fire      #.........   100%        7    #######
 Chain Lightning          Conj/Air       #.........   100%        8    #######
 Ignition                 Fire           #.........   100%        8    #######
 Lehudib's Crystal Spear  Conj/Erth      #.........   100%        8    #######
 Dragon's Call            Summ           #.........   100%        9    #######
 Fire Storm               Conj/Fire      #.........   100%        9    #######
 Glaciate                 Conj/Ice       #.........   100%        9    #######
 Shatter                  Erth           #.........   100%        9    #######
 Tornado                  Air            #.........   100%        9    #######


Dungeon Overview and Level Annotations

Branches:
Dungeon (15/15)            Temple (0/1) D:5            Lair (6/6) D:10
 Shoals (4/4) Lair:4        Snake (4/4) Lair:3        Slime (5/5) Lair:6
    Orc (2/2) D:12            Elf (3/3) Orc:2        Vaults (5/5) D:13
  Crypt (0/3) Vaults:3     Depths (5/5) D:15            Zot (0/5) Depths:5

Altars:
Cheibriados
Dithmenos
Fedhas
Gozag
Makhleb
Nemelex Xobeh
Okawaru
Sif Muna
Trog
Uskayaw
Wu Jian
Yredelemnul
Zin
The Shining One
Jiyva
Lugonu

Shops:
D:4 ?(*(   Orc:2 }=!!%   Elf:3 (:**:   Vaults:1 *   Depths:5 !

Portals:
Hell: Depths:1 Depths:2 Depths:3 Depths:4 Depths:5
Abyss: Depths:4
Pandemonium: Depths:3 Depths:4
Ziggurat: Depths:4
Trove: Vaults:4 (give 13 potions of heal wounds)

Annotations:
Slime:5 Royal Jelly


Message History

You hit the azure jelly.
The azure jelly is heavily wounded.
The acid blob spits acid at you.
The splash of acid hits you but does no damage.
You are splashed with acid!
* * * LOW HITPOINT WARNING * * *
The azure jelly hits you.
* * * LOW HITPOINT WARNING * * *
The azure jelly freezes you! You resist.
* * * LOW HITPOINT WARNING * * *
The azure jelly hits you.
* * * LOW HITPOINT WARNING * * *
The azure jelly freezes you! You resist.
* * * LOW HITPOINT WARNING * * *
The azure jelly completely misses you. The azure jelly hits you!
* * * LOW HITPOINT WARNING * * *
You feel much better. The acid blob hits you!!
* * * LOW HITPOINT WARNING * * *
The acid corrodes you!
You are splashed with acid!
You die...

##....####...####...............
#.......#...#.##....#.#...#.##.#
##.......#.#...#....##.....####.
#........#.#......<.###.....# ##
##.#.................#......# #
####......................##
#.....<.................(##
###..#......JJ.............#
##.....#.....J@.........#..##
#............J.......#...###
##...#.#.............##.##
#......#.............####
##....................#
##...............#...##
##.........#.........#
###................##
##..........>...##


You could see 3 acid blobs and an azure jelly.

Vanquished Creatures
  Mara (Vaults:4)
  Mennas (Depths:3)
  Frederick (Vaults:4)
  Saint Roka (Vaults:3)
  3 caustic shrikes (Depths:5)
  5 golden dragons
  Nikola (Snake:3)
  The ghost of Vuacseac the Champion of Chaos, an adept DDFi of Makhleb (Vaults:3)
  10 tentacled monstrosities
  3 liches
  3 titans
  3 deep elf blademasters
  Asterion (Elf:2)
  A deep elf master archer (Elf:3)
  20 acid blobs
  The ghost of Pixzeollu the Warrior, an adept MiFi of Cheibriados (Snake:3)
  A tentacled starspawn (Depths:2)
  Polyphemus (Shoals:2)
  5 sphinxes
  3 tengu reavers
  5 krakens
  5 shadow dragons
  Frances (D:14)
  4 storm dragons
  A draconian monk (Depths:4)
  Donald (Snake:1)
  6 azure jellies
  8 nagarajas
  11 fire giants
  An iron dragon (Vaults:5)
  7 frost giants
  Louise (Depths:4)
  Aizul (Depths:1)
  3 orc warlords
  5 deep elf sorcerers
  13 vault wardens
  A ghoul (Vaults:3)
  6 deep elf elementalists
  15 ironheart preservers
  A draconian stormcaller (Depths:5)
  The ghost of Krouwed the Champion of Chaos, a journeyman DsFi of Makhleb (Snake:1)
  A spriggan defender (Depths:4)
  19 very ugly things
  2 war gargoyles (Vaults:5)
  27 stone giants
  2 black draconians (Depths:5)
  2 entropy weavers
  A lorocyproca (Depths:3)
  12 deep elf demonologists
  A vampire knight (Depths:3)
  3 white draconians (Depths:5)
  Azrael (Snake:2)
  3 minotaurs
  A purple draconian (Depths:5)
  10 deep elf annihilators
  A red draconian (Depths:5)
  3 spark wasps (Depths:3)
  9 ettins
  Snorg (Lair:3)
  7 merfolk impalers
  3 merfolk javelineers
  7 death oozes
  17 fire dragons
  6 deep elf death magi
  2 blizzard demons (IceCv)
  4 deep elf high priests
  14 yaktaur captains
  Fannar (Lair:2)
  16 great orbs of eyes
  24 vault guards
  2 rakshasas
  Harold (D:10)
  4 anacondas
  An alligator snapping turtle (Shoals:4)
  20 naga warriors
  2 spriggan air magi
  17 ice dragons
  5 hydras
  A merfolk avatar (Shoals:4)
  4 merfolk aquamancers
  12 centaur warriors
  2 death knights
  24 dancing weapons
  33 two-headed ogres
  A catoblepas (Shoals:2)
  A two-headed ogre (shapeshifter) (Vaults:2)
  A thrashing horror (Depths:2)
  3 tengu warriors
  A queen ant (Lair:5)
  5 deep troll earth magi
  2 satyrs
  3 vampire magi
  7 death yaks
  11 deep troll shamans
  19 ogre magi
  4 shock serpents
  5 spriggan berserkers
  5 naga sharpshooters
  8 hell knights
  A shock serpent (shapeshifter) (D:15)
  3 orc high priests (Orc:2)
  20 deep elf knights
  5 iron trolls
  A fire crab (shapeshifter) (D:15)
  A small abomination (Depths:4)
  A wretched star (Depths:2)
  2 salamander mystics (Snake:4)
  17 sea snakes
  An infernal demonspawn (Depths:3)
  A skeletal warrior (Vaults:3)
  4 unseen horrors
  7 wizards
  16 deep elf archers
  A flayed ghost (Depths:4)
  7 glowing orange brains
  23 deep trolls
  2 phantasmal warriors
  5 naga ritualists
  22 harpies
  12 ironbrand convokers
  19 orc knights
  43 ugly things
  5 necromancers
  2 wolf spider zombies
  2 wolf spiders (Vaults:2)
  11 salamanders
  8 orc sorcerers
  12 fauns
  2 human zombies
  10 manticores
  A salamander (shapeshifter) (Depths:2)
  55 deep elf magi
  A moth of wrath (shapeshifter) (Vaults:5)
  65 slime creatures
  3 mana vipers
  10 shining eyes
  15 cyclopes
  9 vault sentinels
  6 water nymphs
  11 merfolk sirens
  4 elephants
  26 naga magi
  An ice statue (IceCv)
  A black mamba (shapeshifter) (D:15)
  An elephant (shapeshifter) (Vaults:5)
  6 guardian serpents
  Psyche (D:9)
  An orange demon (Depths:4)
  38 black mambas
  3 gargoyles
  A guardian serpent (shapeshifter) (Vaults:3)
  2 eyes of devastation
  A smoke demon (Depths:3)
  A spiny frog (shapeshifter) (Vaults:5)
  A kobold demonologist (D:13)
  10 spiny frogs
  54 yaktaurs
  5 ice devils
  An efreet (D:14)
  A tengu conjurer (Depths:4)
  4 anaconda simulacra (IceCv)
  A komodo dragon (shapeshifter) (D:15)
  A tormentor (Depths:4)
  13 komodo dragons
  An ancient zyme (Depths:2)
  2 jumping spiders (shapeshifter)
  18 freezing wraiths
  A hellwing (Depths:3)
  A guardian mummy (Vaults:4)
  A meliai (shapeshifter) (D:15)
  2 wind drakes
  15 trolls
  15 merfolk
  A blink frog (shapeshifter) (Vaults:4)
  15 polar bears
  4 meliai (Shoals:4)
  8 hornets
  A polar bear (shapeshifter) (D:13)
  Grinder (D:3)
  21 blink frogs
  12 hippogriffs
  6 dream sheep
  A human simulacrum (Vaults:2)
  A hippogriff (shapeshifter) (Depths:4)
  14 snapping turtles
  2 meliai zombies
  2 vampires
  A spriggan (shapeshifter) (Vaults:4)
  Sigmund (D:3)
  An air elemental (Elf:3)
  A ynoxinul (Depths:4)
  4 large abominations (Depths:2)
  4 wyverns
  5 dire elephant simulacra (IceCv)
  13 spriggans
  8 fire elementals
  A hog (shapeshifter) (Elf:2)
  A human (shapeshifter) (D:15)
  18 water elementals
  2 basilisks (shapeshifter)
  61 yaks
  3 basilisks
  10 golden eyes
  2 wraiths
  A golden eye (shapeshifter) (Vaults:3)
  A steam dragon (D:10)
  2 chaos spawn
  A death yak simulacrum (IceCv)
  3 hungry ghosts
  4 vampire mosquitoes
  9 wargs
  2 harpy simulacra (IceCv)
  Edmund (D:6)
  63 nagas
  25 soldier ants
  4 acid dragons
  A naga (shapeshifter) (D:15)
  Duvessa (D:6)
  3 hell hounds (Snake:2)
  3 hydra simulacra (IceCv)
  7 water moccasins
  7 porcupines
  2 sky beasts
  44 orc warriors
  8 ice beasts
  10 black bears
  3 eyes of draining
  An ettin simulacrum (IceCv)
  An alligator simulacrum (IceCv)
  48 ogres
  8 boggarts
  A phantom (D:4)
  27 centaurs
  A crocodile (shapeshifter) (Depths:4)
  A wolf (shapeshifter) (Elf:2)
  18 wolves (Lair:6)
  A yaktaur zombie (Vaults:1)
  8 crocodiles
  4 big kobolds
  16 bullfrogs
  8 gnoll sergeants (Bailey)
  3 human skeletons
  A glowing shapeshifter simulacrum (Vaults:1)
  A wyvern zombie (D:12)
  6 earth elementals
  A water moccasin zombie (D:8)
  6 scorpions
  Dowan (D:6)
  17 killer bees
  3 wights (D:7)
  2 howler monkeys
  5 centaur zombies
  9 crimson imps
  A lava snake (D:15)
  2 bullfrog zombies
  2 draconian simulacra (IceCv)
  4 quasits
  2 jellies
  22 orc priests
  12 hounds
  2 bullfrog skeletons
  6 gnoll shamans (Bailey)
  4 centaur skeletons
  An iron imp (Depths:2)
  Ijyb (D:3)
  3 iguanas
  32 orc wizards
  A polar bear simulacrum (IceCv)
  28 worker ants
  2 spriggan simulacra (IceCv)
  5 troll simulacra (IceCv)
  A centaur simulacrum (IceCv)
  A hound zombie (D:5)
  3 hound skeletons
  2 mummies
  21 gnolls
  5 naga simulacra (IceCv)
  11 adders
  5 shadow imps
  7 white imps (IceCv)
  6 ufetubi
  2 adder zombies (D:5)
  2 oozes
  2 adder skeletons (D:5)
  4 worms
  4 dart slugs
  10 leopard geckos
  89 orcs
  6 bats
  8 giant cockroaches
  6 goblins
  6 hobgoblins
  13 jackals
  8 quokkas
  2 ball pythons
  10 frilled lizards
  8 gnoll skeletons (Ossuary)
  A goblin zombie (D:4)
  25 kobolds
  7 kobold skeletons (Ossuary)
  A kobold zombie (D:4)
  10 orc skeletons (Ossuary)
  A quokka skeleton (D:6)
  10 rats
  A butterfly (Lair:3)
  A fungus (Elf:3)
  2 plants (Depths:2)
  17 tentacles
2319 creatures vanquished.

Vanquished Creatures (collateral kills)
  A deep elf master archer (Elf:3)
  A deep elf sorcerer (Elf:3)
  A deep elf elementalist (Elf:3)
  An entropy weaver (Lair:5)
  A deep elf demonologist (Elf:3)
  A dancing weapon (Elf:3)
  A sea snake (Shoals:4)
  A deep elf mage (Elf:3)
  3 elephants (Lair:6)
  A spiny frog (Lair:5)
  A merfolk (Shoals:4)
  A spriggan (Lair:6)
  6 yaks (Lair:5)
  2 soldier ants (Lair:5)
  A black bear (Lair:6)
  2 orc warriors (D:15)
  A bullfrog (Lair:5)
  A worker ant (Lair:5)
27 creatures vanquished.

Vanquished Creatures (others)
  A deep elf knight (Elf:2)
  An unseen horror (Vaults:1)
  2 deep elf magi (Elf:1)
  An ogre (Depths:2)
  A centaur (Depths:3)
  An orc wizard (D:12)
  A white imp (IceCv)
  4 ufetubi (IceCv)
  15 fungi
  22 plants
  2 starspawn tentacles (Depths:2)
  72 tentacles
  4 toadstools (D:1)
127 creatures vanquished.

Grand Total: 2473 creatures vanquished

Notes
Turn   | Place    | Note
-------+----------+-------------------------------------------
     0 | D:1      | Bapho the Hill Orc Berserker began the quest for the Orb.
     0 | D:1      | Reached XP level 1. HP: 19/19 MP: 1/1
   331 | D:1      | Reached XP level 2. HP: 17/27 MP: 2/2
   800 | D:1      | Reached skill level 4 in Fighting
  1064 | D:1      | Reached XP level 3. HP: 33/33 MP: 3/3
  1345 | D:2      | Reached XP level 4. HP: 38/41 MP: 4/4
  1428 | D:2      | Reached ** piety under Trog
  2230 | D:3      | Reached skill level 5 in Maces & Flails
  2384 | D:3      | Noticed Grinder
  2391 | D:3      | Paralysed by Grinder for 5 turns
  2401 | D:3      | Killed Grinder
  2401 | D:3      | Reached skill level 5 in Fighting
  2401 | D:3      | Reached XP level 5. HP: 30/48 MP: 5/5
  2401 | D:3      | Reached XP level 6. HP: 35/56 MP: 6/6
  3097 | D:3      | Noticed Ijyb
  3107 | D:3      | Killed Ijyb
  3229 | D:3      | Found a glowing golden altar of the Shining One.
  3249 | D:3      | Noticed Sigmund
  3257 | D:3      | Killed Sigmund
  3257 | D:3      | Reached XP level 7. HP: 62/62 MP: 7/7
  3649 | D:4      | Found a sand-covered staircase.
  3653 | D:4      | Reached *** piety under Trog
  3657 | Ossuary  | Entered an ossuary
  3657 | Ossuary  | Noticed a wraith
  3657 | Ossuary  | Noticed a wraith
  3657 | Ossuary  | Noticed a wraith
  4020 | Ossuary  | Noticed a wraith
  4039 | Ossuary  | Killed a wraith
  4235 | D:4      | Found Diut's General Store.
  4285 | D:4      | Bought a potion of curing for 42 gold pieces
  4328 | D:4      | Reached XP level 8. HP: 70/70 MP: 8/8
  4346 | D:4      | Reached **** piety under Trog
  4371 | D:4      | Reached skill level 10 in Maces & Flails
  4574 | D:4      | Got a smoking ring mail
  4585 | D:4      | Identified the +1 ring mail of Modesty {rC- rN+ Regen+
                  | Stlth+} (You found it on level 4 of the Dungeon)
  4613 | D:4      | Found Tefocs Yrook's Weapon Shop.
  4911 | D:4      | Found Pucwatho's Weapon Shoppe.
  4934 | D:4      | Found a blossoming altar of Fedhas.
  5001 | D:4      | Found an ornate altar of the Wu Jian Council.
  5104 | D:4      | Found Reolouti's Magic Scroll Shop.
  5107 | D:4      | Bought a scroll of teleportation for 33 gold pieces
  5308 | D:5      | Entered Level 5 of the Dungeon
  5507 | D:5      | Found a staircase to the Ecumenical Temple.
  5723 | D:5      | Reached XP level 9. HP: 75/75 MP: 9/9
  5830 | D:5      | Found a glowing drain.
  5842 | Sewer    | Entered a sewer
  5900 | Sewer    | Reached ***** piety under Trog
  5955 | Sewer    | Found a white marble altar of Elyvilon.
  6426 | D:6      | Received a gift from Trog
  7225 | D:6      | Noticed Duvessa
  7225 | D:6      | Noticed Dowan
  7228 | D:6      | Killed Dowan
  7239 | D:6      | Killed Duvessa
  7398 | D:6      | Noticed Edmund
  7409 | D:6      | Killed Edmund
  7803 | D:6      | Found a shadowy altar of Dithmenos.
  8259 | D:7      | Reached skill level 6 in Fighting
  8259 | D:7      | Reached XP level 10. HP: 58/83 MP: 10/10
  8889 | D:7      | Reached skill level 7 in Fighting
  9412 | D:8      | Reached skill level 5 in Armour
  9429 | D:8      | Found a snail-covered altar of Cheibriados.
  9429 | D:8      | Found a bloodstained altar of Trog.
  9434 | D:8      | Got a blackened cloak
  9440 | D:8      | Identified the +0 cloak "Genaythi" {rPois} (You found it on
                  | level 8 of the Dungeon)
  9444 | D:8      | Found a sparkling altar of Nemelex Xobeh.
  9444 | D:8      | Found a burning altar of Makhleb.
  9591 | D:8      | Paralysed by a hornet for 1 turns
  9598 | D:8      | Reached skill level 8 in Fighting
 10248 | D:9      | Reached skill level 9 in Fighting
 10566 | D:9      | Found a deep blue altar of Sif Muna.
 10567 | D:9      | Found a shadowy altar of Dithmenos.
 10612 | D:9      | Received a gift from Trog
 10691 | D:9      | Reached XP level 11. HP: 75/97 MP: 3/11
 10713 | D:9      | Reached skill level 10 in Fighting
 10944 | D:9      | Noticed a two-headed ogre
 10950 | D:9      | Killed a two-headed ogre
 11150 | D:9      | Noticed Psyche
 11161 | D:9      | Killed Psyche
 11614 | D:9      | Found an opulent altar of Gozag.
 11660 | D:9      | Found an iron altar of Okawaru.
 11661 | D:9      | Found a basalt altar of Yredelemnul.
 11894 | D:10     | Entered Level 10 of the Dungeon
 11903 | D:10     | Reached skill level 5 in Dodging
 12126 | D:10     | Noticed a two-headed ogre
 12133 | D:10     | Killed a two-headed ogre
 12533 | D:10     | Received a gift from Trog
 12945 | D:10     | Found a staircase to the Lair.
 12983 | D:10     | Noticed Harold
 12994 | D:10     | Killed Harold
 12999 | D:10     | Reached XP level 12. HP: 106/106 MP: 4/12
 13336 | D:10     | Noticed a two-headed ogre
 13341 | D:10     | Killed a two-headed ogre
 13620 | D:10     | Found the +3 giant club "Skullcrusher" {speed, Str+7}
 13729 | Lair:1   | Entered Level 1 of the Lair of Beasts
 14422 | Lair:1   | Reached skill level 11 in Fighting
 15079 | Lair:2   | Reached skill level 12 in Fighting
 15339 | Lair:2   | Noticed Fannar
 15361 | Lair:2   | Killed Fannar
 17133 | D:4      | Bought the +7 morningstar of Tekharie {drain, rElec rF+}
                  | for 758 gold pieces
 17359 | Lair:3   | Found a staircase to the Snake Pit.
 17772 | Lair:3   | Reached XP level 13. HP: 102/119 MP: 13/13
 17921 | Lair:3   | Reached skill level 13 in Fighting
 18429 | Lair:3   | Noticed Snorg
 18439 | Lair:3   | Killed Snorg
 19365 | Lair:4   | Reached skill level 1 in Shields
 19472 | Lair:4   | Got a translucent iron amulet
 19705 | Lair:4   | Found a staircase to the Shoals.
 20329 | Lair:4   | Received a gift from Trog
 20673 | Lair:5   | Noticed an entropy weaver
 20673 | Lair:5   | Noticed an entropy weaver
 20685 | Lair:5   | Killed an entropy weaver
 20685 | Lair:5   | Reached skill level 15 in Maces & Flails
 20686 | Lair:5   | Reached skill level 5 in Shields
 20722 | Lair:5   | Killed an entropy weaver
 21096 | Lair:5   | Reached XP level 14. HP: 79/129 MP: 14/14
 21633 | Lair:6   | Entered Level 6 of the Lair of Beasts
 22213 | Lair:6   | Received a gift from Trog
 22515 | Lair:6   | Found a viscous altar of Jiyva.
 22516 | Lair:6   | Found a staircase to the Slime Pits.
 22628 | Lair:6   | Received a gift from Trog
 22911 | Lair:6   | Reached skill level 10 in Shields
 23541 | Lair:6   | Identified the amulet "Deruosaf" {Acrobat Fragile Dex+7
                  | Slay+5} (You found it on level 4 of the Lair of Beasts)
 24435 | D:11     | Received a gift from Trog
 25072 | D:12     | Paralysed by fainting for 11 turns
 25086 | D:12     | Found a staircase to the Orcish Mines.
 25315 | D:12     | Reached XP level 15. HP: 136/136 MP: 5/15
 25674 | D:13     | Received a gift from Trog
 25730 | D:13     | Found a flagged portal.
 25739 | Bailey   | Entered a bailey
 26311 | D:13     | Found a gate to the Vaults.
 27556 | D:14     | Got a clouded crystal amulet
 27612 | D:14     | Identified the amulet "Loexum" {Gourm rC+ Dex+2} (You found
                  | it on level 14 of the Dungeon)
 27932 | D:14     | Noticed Frances
 27941 | D:14     | Killed Frances
 28154 | D:14     | Received a gift from Trog
 28416 | D:14     | Found a glowing silver altar of Zin.
 28416 | D:14     | Noticed an angel
 28454 | D:15     | Entered Level 15 of the Dungeon
 28663 | D:15     | Reached skill level 15 in Shields
 28674 | D:15     | Reached skill level 10 in Dodging
 28829 | D:15     | Reached skill level 10 in Armour
 29742 | D:15     | Found a staircase to the Depths.
 29966 | Orc:1    | Entered Level 1 of the Orcish Mines
 29966 | Orc:1    | Noticed an orc warlord
 29968 | Orc:1    | Noticed an orc warlord
 30082 | D:12     | Killed an orc warlord
 30087 | D:12     | Killed an orc warlord
 30087 | D:12     | Received a gift from Trog
 30087 | D:12     | Reached XP level 16. HP: 144/144 MP: 5/16
 30277 | Orc:1    | Reached ****** piety under Trog
 30503 | Orc:2    | Entered Level 2 of the Orcish Mines
 30991 | Orc:2    | Found Ficolouss's Gadget Emporium.
 31078 | Orc:2    | Received a gift from Trog
 31089 | Orc:2    | Found Luigow's Distillery.
 31089 | Orc:2    | Found Folegheq's Jewellery Boutique.
 31393 | Orc:2    | Found Alapsom's Food Emporium.
 31393 | Orc:2    | Found Dyisisir's Distillery.
 31461 | Orc:2    | Found a staircase to the Elven Halls.
 31713 | Snake:1  | Entered Level 1 of the Snake Pit
 32068 | Snake:1  | Noticed Donald
 32078 | Snake:1  | Killed Donald
 32420 | Snake:1  | Found a runed translucent door.
 32422 | Snake:1  | Noticed Krouwed's ghost (journeyman DsFi)
 32438 | Snake:1  | Killed Krouwed's ghost
 32438 | Snake:1  | Reached skill level 1 in Throwing
 32868 | Snake:2  | Noticed Azrael
 32878 | Snake:2  | Killed Azrael
 33062 | Snake:2  | Identified a scroll of acquirement
 33307 | Snake:2  | Received a gift from Trog
 33335 | Snake:2  | Reached skill level 5 in Throwing
 33791 | Snake:3  | Noticed a nagaraja
 33802 | Snake:3  | Killed a nagaraja
 33966 | Snake:3  | Received a gift from Trog
 34390 | Snake:3  | Found a runed translucent gate.
 34391 | Snake:3  | Found a runed translucent gate.
 34393 | Snake:3  | Found a runed translucent gate.
 34457 | Snake:3  | Reached XP level 17. HP: 141/150 MP: 5/17
 34483 | Snake:3  | Noticed Nikola
 34502 | Snake:3  | Killed Nikola
 35559 | Snake:3  | Reached skill level 10 in Throwing
 35559 | Snake:3  | Reached XP level 18. HP: 159/159 MP: 6/18
 35686 | Snake:3  | Noticed Pixzeollu's ghost (adept MiFi)
 35713 | Snake:3  | Killed Pixzeollu's ghost
 36142 | Snake:4  | Entered Level 4 of the Snake Pit
 36158 | Snake:4  | Received a gift from Trog
 37106 | Snake:4  | Received a gift from Trog
 37106 | Snake:4  | Reached skill level 14 in Fighting
 37600 | Snake:4  | Got an encrusted triple crossbow {god gift}
 37930 | Snake:4  | Got a serpentine rune of Zot
 37966 | Snake:4  | Reached skill level 15 in Fighting
 38277 | Shoals:1 | Entered Level 1 of the Shoals
 38564 | Shoals:1 | Reached XP level 19. HP: 172/172 MP: 6/19
 38849 | Shoals:1 | Reached skill level 16 in Fighting
 38860 | Shoals:1 | Received a gift from Trog
 39497 | Shoals:2 | Reached skill level 17 in Fighting
 39861 | Shoals:2 | Found a frozen archway.
 39883 | IceCv    | Entered an ice cave
 40312 | IceCv    | Received a gift from Trog
 40772 | IceCv    | Received a gift from Trog
 41173 | IceCv    | Found the +3 pair of gauntlets of War {Slay+5}
 41349 | Shoals:2 | Reached skill level 18 in Fighting
 41354 | Shoals:2 | Received a gift from Trog
 41472 | Shoals:2 | Noticed Polyphemus
 41496 | Shoals:2 | Killed Polyphemus
 41717 | Shoals:2 | Received a gift from Trog
 42389 | Shoals:3 | Reached skill level 19 in Fighting
 42628 | Shoals:4 | Entered Level 4 of the Shoals
 43207 | Shoals:4 | Found a hide-covered altar of Uskayaw.
 43298 | Shoals:4 | Received a gift from Trog
 43602 | Shoals:4 | Reached skill level 20 in Fighting
 43972 | Shoals:4 | Reached XP level 20. HP: 173/193 MP: 6/20
 44614 | Shoals:4 | Got a barnacled rune of Zot
 45005 | Depths:1 | Entered Level 1 of the Depths
 45263 | Depths:1 | Noticed Aizul
 45275 | Depths:1 | Killed Aizul
 46711 | Depths:1 | Found a gateway to Hell.
 46884 | Depths:2 | Received a gift from Trog
 47728 | Depths:2 | Found a transporter.
 47730 | Depths:2 | Found a corrupted altar of Lugonu.
 48089 | Depths:2 | Found a transporter.
 48177 | Depths:2 | Got a clouded lead ring
 48181 | Depths:2 | Identified the ring "Naneimog" {rC+ rN+ Str+3} (You found
                  | it on level 2 of the Depths)
 48753 | Depths:3 | Reached XP level 21. HP: 202/202 MP: 7/21
 48774 | Depths:3 | Received a gift from Trog
 49211 | Depths:3 | Noticed a golden dragon
 49215 | Depths:3 | Identified the ring "Qairamirgh" {+Fly rElec rPois MR++
                  | Int+3}
 49217 | Depths:3 | Identified the ring "Imyfred" {Wiz -Tele rC+++ Int+5
                  | Stlth-}
 49221 | Depths:3 | Killed a golden dragon
 49227 | Depths:3 | Received a gift from Trog
 49236 | Depths:3 | Identified the amulet "Haipuet" {Acrobat rPois Str+7 Dex-4
                  | Stlth+}
 49256 | Depths:3 | Noticed a golden dragon
 49627 | Depths:3 | Found a one-way gate leading to the halls of Pandemonium.
 50107 | Depths:3 | Killed a golden dragon
 50213 | Depths:3 | Reached skill level 15 in Armour
 50270 | Depths:3 | Noticed Mennas
 50291 | Depths:3 | Killed Mennas
 50603 | Depths:3 | Identified the ring of Qiobram {Str+4 Stlth+}
 50639 | Depths:3 | Got a pair of encrusted boots
 50645 | Depths:3 | Identified the cursed +0 pair of boots of Foizeb {rPois rF-
                  | MR+ SInv} (You found it on level 3 of the Depths)
 51019 | Vaults:1 | Entered Level 1 of the Vaults
 51027 | Vaults:1 | Received a gift from Trog
 51027 | Vaults:1 | Reached skill level 15 in Dodging
 51057 | Vaults:1 | Received a gift from Trog
 51357 | Vaults:1 | Found Asast's General Store.
 52532 | Vaults:2 | Reached XP level 22. HP: 210/211 MP: 7/22
 52662 | Vaults:2 | Received a gift from Trog
 52739 | Vaults:2 | Received a gift from Trog
 52951 | Vaults:2 | Received a gift from Trog
 53330 | Vaults:2 | Received a gift from Trog
 54225 | Vaults:3 | Found a staircase to the Crypt.
 54293 | Vaults:3 | Noticed Saint Roka
 54315 | Vaults:3 | Killed Saint Roka
 54428 | Vaults:3 | Received a gift from Trog
 54968 | Vaults:3 | Found a runed translucent gate.
 54968 | Vaults:3 | Found a runed translucent gate.
 54970 | Vaults:3 | Found a runed translucent gate.
 55349 | Vaults:3 | Received a gift from Trog
 55670 | Vaults:3 | Received a gift from Trog
 55782 | Vaults:3 | Noticed Vuacseac's ghost (adept DDFi)
 55783 | Vaults:3 | Found an iron altar of Okawaru.
 55813 | Vaults:3 | Reached XP level 23. HP: 162/217 MP: 7/23
 55872 | Vaults:3 | Killed Vuacseac's ghost
 56338 | Vaults:4 | Received a gift from Trog
 56611 | Vaults:4 | Received a gift from Trog
 56976 | Vaults:4 | Noticed Mara
 56978 | Vaults:4 | Noticed Bapho's illusion
 57399 | Vaults:4 | Received a gift from Trog
 57500 | Vaults:4 | Found a portal to a secret trove of treasure.
 57599 | Vaults:4 | Noticed Frederick
 57612 | Vaults:4 | Killed Frederick
 57660 | Vaults:4 | Received a gift from Trog
 58338 | Depths:4 | Received a gift from Trog
 58601 | Depths:4 | Found a one-way gate to the infinite horrors of the Abyss.
 58612 | Depths:4 | Noticed Louise
 58621 | Depths:4 | Killed Louise
 58640 | Depths:4 | Found a gateway to a ziggurat.
 59390 | Depths:4 | Received a gift from Trog
 59913 | Depths:5 | Entered Level 5 of the Depths
 59930 | Depths:5 | Reached XP level 24. HP: 219/225 MP: 7/23
 60100 | Depths:5 | Noticed a caustic shrike
 60100 | Depths:5 | Noticed a caustic shrike
 60103 | Depths:5 | Noticed a caustic shrike
 60108 | Depths:5 | Killed a caustic shrike
 60108 | Depths:5 | Received a gift from Trog
 60115 | Depths:5 | Killed a caustic shrike
 60123 | Depths:5 | Killed a caustic shrike
 60367 | Depths:4 | Received a gift from Trog
 60524 | Depths:5 | Received a gift from Trog
 61437 | Depths:5 | Found Bobu's Distillery.
 61613 | Depths:5 | Received a gift from Trog
 61801 | Depths:5 | Found a gate to the Realm of Zot.
 62134 | Elf:1    | Entered Level 1 of the Elven Halls
 62483 | Elf:1    | Received a gift from Trog
 63076 | Elf:1    | Received a gift from Trog
 63448 | Elf:2    | Found a runed translucent gate.
 63448 | Elf:2    | Found a runed translucent gate.
 63451 | Elf:2    | Found a runed translucent gate.
 63821 | Elf:2    | Received a gift from Trog
 63894 | Elf:2    | Noticed Asterion
 63897 | Elf:2    | Killed Asterion
 63897 | Elf:2    | Reached XP level 25. HP: 232/232 MP: 7/23
 64056 | Elf:2    | Received a gift from Trog
 64246 | Elf:3    | Entered Level 3 of the Elven Halls
 64357 | Elf:3    | Found Goalef's Weapon Emporium.
 64357 | Elf:3    | Found Ynagg's Book Emporium.
 64360 | Elf:3    | Found Sodolam's General Store.
 64370 | Elf:3    | Bought a scroll of teleportation for 48 gold pieces
 64402 | Elf:3    | Found Sebbier's Book Shoppe.
 64407 | Elf:3    | Found a deep blue altar of Sif Muna.
 64431 | Elf:3    | Found Qeawkete's General Store.
 64666 | Elf:3    | Received a gift from Trog
 65034 | Elf:3    | Received a gift from Trog
 65112 | Elf:3    | Identified the +2 hand axe of Mizuar {speed, *Noise MR+
                  | Dex+5 Stlth+}
 65119 | Elf:3    | Identified the +5 broad axe "Fiudu" {drain, MR++}
 65423 | Elf:3    | Got a warped platinum amulet
 65425 | Elf:3    | Identified the amulet "Put-Me-On" {Inacc rPois rN+ Dex+4}
                  | (You found it on level 3 of the Elven Halls)
 65448 | Elf:3    | Found the +8 orange crystal plate armour {Archmagi, Int+3
                  | Clar}
 66085 | Vaults:5 | Entered Level 5 of the Vaults
 66102 | Vaults:4 | Reached skill level 15 in Throwing
 66399 | Vaults:4 | Killed Mara
 66536 | Vaults:4 | Received a gift from Trog
 66896 | D:14     | Fell from the grace of Trog
 66896 | D:14     | Became a worshipper of Zin the Law-Giver
 66896 | D:14     | Reached * piety under Zin
 66896 | D:14     | Reached ** piety under Zin
 66898 | D:14     | Donated 2987 gold pieces to Zin
 66910 | D:14     | Reached *** piety under Zin
 67037 | Vaults:4 | Reached **** piety under Zin
 67102 | Vaults:5 | Reached skill level 1 in Invocations
 67180 | Vaults:5 | Reached ***** piety under Zin
 67209 | Vaults:5 | Reached skill level 5 in Invocations
 67385 | Vaults:5 | Reached ****** piety under Zin
 67390 | Vaults:5 | Reached XP level 26. HP: 236/236 MP: 9/29
 67795 | Vaults:5 | Got a silver rune of Zot
 67885 | Vaults:5 | Reached skill level 10 in Invocations
 68071 | Vaults:5 | Identified the Guide on Aerial Cold
 68831 | Vaults:5 | Reached skill level 21 in Fighting
 69058 | Vaults:5 | Identified the Collected Works on Feathers and Protection
 70298 | Slime:1  | Entered Level 1 of the Pits of Slime
 70429 | Slime:1  | Paralysed by Trog for 2 turns
 71335 | Slime:2  | Reached skill level 22 in Fighting
 73384 | Slime:3  | HP: 7/237 [acid (47)]
 74919 | Slime:4  | Reached skill level 23 in Fighting
 75232 | Slime:5  | Entered Level 5 of the Pits of Slime
 75414 | Slime:5  | Reached XP level 27. HP: 243/247 MP: 11/33
 75442 | Slime:5  | Noticed the Royal Jelly
 75445 | Slime:5  | Found a viscous altar of Jiyva.
 75447 | Slime:5  | Found the +18 shield of the Gong {rElec rN+ MR+ EV-5}
 75447 | Slime:5  | Found the +3 sling "Punk" {acid, rCorr}
 76023 | Slime:4  | HP: 6/259 [acid blob[the Royal Jelly] (26)]
 76023 | Slime:4  | Splashed by an acid blob's acid

Levels and vault maps discovered:
D:1:      ldierk_water_garden, layout_loops_corners
D:2:      layout_loops_corners, first_ration
D:3:      layout_basic, lemuel_crystal_altar, uniq_sigmund, uniq_grinder,
          uniq_ijyb
D:4:      layout_cave_pods, lemuel_crystal_altar, serial_shops, shop, shop,
          nicolae_shop_behind_doors, nicolae_shop_statue_plus,
          nicolae_ossuary_entry_giza, chequers_serial_rivers_micro_d,
          fedhas_altar_1
D:5:      layout_cave_pools, minmay_temple_entry_slanted, portal_sewer_entry_b
D:6:      layout_basic, basic_altar, hangedman_decor_peaks_small,
          minmay_misc_feat_nine_boxes, uniq_edmund, uniq_duvessa
D:7:      layout_basic
D:8:      layout_basic, grunt_temple_overflow_open, hangedman_pestilent_swarm
D:9:      layout_basic, nicolae_overflow_hidden_temple,
          kennysheep_opposing_triangles, uniq_psyche
D:10:     hangedman_cross_stitches, layout_cave_pools, david_lair_shrubbed,
          uniq_harold
D:11:     nicolae_whirlpool, layout_loops_ring
D:12:     layout_long_grid, erik_orc_4, corexii_leaking_fountain
D:13:     layout_loops_ring, david_vaults_4, enter_bailey_2, kennysheep_potato,
          uniq_nessos
D:14:     layout_irregular_city, zin_angel, uniq_frances
D:15:     gammafunk_enter_depths_forms, layout_basic, serial_corexii_hall,
          corexii_hall_statues_u, chequers_hall_statues_wall_a,
          kennysheep_inner_square
Lair:1:   layout_regular_city, grunt_megastairs_3, lemuel_fruit_fields,
          lemuel_fruit_fields
Lair:2:   layout_gridlike, serial_bayou_shore_b, uniq_fannar
Lair:3:   layout_hall_layers, guppyfry_snake_entry_garden, lemuel_fruit_fields,
          uniq_snorg
Lair:4:   layout_layer_cave, elwin_shoals_entry_rooms
Lair:5:   layout_concentric_octagons, minivault_29, infiniplex_staircase_pool
Lair:6:   minmay_lair_end_enchanted_forest, layout_regular_city,
          dpeg_slime_entry_enclosed_altar
Shoals:1: layout_shoals
Shoals:2: layout_shoals, portal_ice_cave_entry_frozen_things,
          nicolae_shoals_kraken_party, uniq_polyphemus
Shoals:3: layout_shoals
Shoals:4: shoals_end_grunt_ice, layout_shoals, regret_index_shoals_crete
Snake:1:  layout_onion, ebering_ghost_inner_flame, uniq_donald
Snake:2:  layout_rooms, nicolae_snake_shapes, uniq_azrael
Snake:3:  nicolae_snake_nest, layout_cave_town, ebering_ghost_rock_garden,
          uniq_nikola
Snake:4:  minmay_snake_end_coiled, layout_misc_corridors
Slime:1:  layout_caves
Slime:2:  layout_caves
Slime:3:  layout_caves, nicolae_slime_phagocytosis
Slime:4:  layout_caves
Slime:5
Orc:1:    layout_caves
Orc:2:    grunt_orc_tribal_feast, layout_diamond_mine, serial_shops, shop
Elf:1:    layout_loops_corners, minivault_28
Elf:2:    layout_loops_ring, uniq_louise, uniq_asterion
Elf:3:    elf_hall, layout_geoelf_octagon, serial_shops, shop_fountains,
          nicolae_shop_crystal, shop, shop, shop, basic_altar
Vaults:1: nicolae_vaults_quadrants, v_misc_10, grunt_vaults_swirl,
          hangedman_vaults_stagger, serial_ice_g, ontoclasm_vaults_ring_small,
          vaults_room_pools, nicolae_vaults_alarming, v_pattern_2,
          vaults_mumra_hex, ontoclasm_vaults_decontamination, v_alt_pattern_3,
          layout_vaults_maze_bifur, serial_shops, shop
Vaults:2: vaults_dpeg_hooks, nicolae_vaults_yaktaur_gun_rack,
          hangedman_vaults_locks, grunt_vaults_trifunnel, v_alt_pattern_6,
          hangedman_vaults_slice, grunt_vaults_hallway_short,
          vaults_room_corners, ontoclasm_vaults_idyll, layout_vaults_quadrants
Vaults:3: gammafunk_vaults_ghost_fury_of_okawaru,
          hangedman_vaults_hard_town_square, v_misc_16, v_alt_pattern_5,
          v_misc_12, vaults_standard_mumra_enter_the_diamond,
          minmay_crypt_entry_simple_walls, hangedman_vaults_corner_blocks,
          nicolae_vaults_hallways_thing, v_misc_17, v_misc_8, vaults_dpeg_ring,
          vaults_room_grunt_arrival_ludios, layout_vaults_ring, uniq_saint_roka
Vaults:4: nicolae_vaults_diagonal_hallway_7, v_misc_33, v_misc_24,
          nicolae_vaults_puzzle_piece, nicolae_vaults_network_quinsquares
          [nicolae_vaults_network_quincunx_subvault,
          nicolae_vaults_network_quincunx_subvault,
          nicolae_vaults_network_quincunx_subvault,
          nicolae_vaults_network_quincunx_subvault], v_misc_3,
          nicolae_vaults_theta, hangedman_vaults_capsules,
          layout_vaults_chaotic_city, nicolae_trove_entry_path_of_doom,
          uniq_mara, uniq_frederick
Vaults:5
Depths:1: layout_twisted_cross, minmay_misc_feat_diagonals, hell_entry,
          minivault_12, uniq_aizul
Depths:2: gammafunk_corrupted_shrine, layout_cave_shapes,
          grunt_hell_entry_dis_old, serial_bayou_lagoon_a,
          infiniplex_staircase_diamond
Depths:3: minmay_the_grid_triangle_9x9_recursive_2_mashed
          [minmay_the_grid_triangle_9x9_prize_special,
          minmay_the_grid_triangle_9x9_sprig,
          minmay_the_grid_triangle_9x9_empty,
          minmay_the_grid_triangle_9x9_semitri], layout_basic,
          chequers_serial_rivers_micro_a, rand_demon_pan_entry_4, hell_entry,
          uniq_mennas
Depths:4: cheibrodos_leafed_vault, layout_cave_pools, enter_ziggurat_f,
          hell_entry, nicolae_abyss_entry_one_way_or_another,
          grunt_pan_entry_sceptre, infiniplex_staircase_pool_2
Depths:5: grunt_zot_entry_gee_three, layout_cave_pools, minmay_misc_feat_plants,
          hell_entry, serial_shops, shop, serial_bayou_shore_b

Skill      XL: |  1  2  3  4  5  6  7  8  9 10 11 12 13 14 15 16 17 18 19 20 21 22 23 24 25 26 |
---------------+-------------------------------------------------------------------------------+-----
Fighting       | 4 5 6 9 10 12 13 15 20 23 | 23.6
Maces & Flails | 4 6 7 9 11 14 15 16 | 16.0
Armour         | 7 8 9 11 12 14 15 17 18 19 | 19.7
Dodging        | 7 9 10 11 13 15 17 18 20 | 20.2
Shields        | 6 12 15 | 15.0
Throwing       | 7 10 12 16 | 16.0
Invocations    | 8 13 | 13.5

Action                   |  1- 3 |  4- 6 |  7- 9 | 10-12 | 13-15 | 16-18 | 19-21 | 22-24 | 25-27 || total
-------------------------+-------+-------+-------+-------+-------+-------+-------+-------+-------++-------
Melee: Mace              |    75 |   109 |   182 |       |       |       |       |       |       ||   366
       Unarmed           |       |     9 |       |       |       |       |       |       |       ||     9
       Flail             |       |       |   330 |   216 |       |       |       |       |       ||   546
       Dire flail        |       |       |       |   529 |       |       |       |       |       ||   529
       Morningstar       |       |       |       |    28 |   768 |       |       |       |       ||   796
       Eveningstar       |       |       |       |       |   484 |   752 |  1218 |  1237 |   688 ||  4379
Throw: Stone             |    57 |    82 |   137 |    77 |    32 |    75 |       |    26 |       ||   486
       Boomerang         |       |       |    49 |   127 |   206 |   300 |   553 |   671 |       ||  1906
       Javelin           |       |       |       |       |    96 |    11 |       |    63 |   555 ||   725
Invok: Berserk           |     1 |     3 |    10 |    10 |    11 |     6 |     8 |     5 |     1 ||    55
       Trog's Hand       |       |     1 |     1 |       |     1 |     1 |     1 |     4 |     2 ||    11
       Brothers in Arms  |       |       |       |       |     5 |       |     1 |       |     1 ||     7
       Donate Gold       |       |       |       |       |       |       |       |       |     1 ||     1
       Recite            |       |       |       |       |       |       |       |       |     2 ||     2
       Vitalisation      |       |       |       |       |       |       |       |       |     1 ||     1
  Use: Scroll            |       |       |     6 |     4 |    20 |     6 |    20 |       |     2 ||    58
       Potion            |       |       |     2 |     2 |     3 |     1 |     4 |     1 |     1 ||    14
 Stab: Confused          |       |     1 |       |       |       |       |       |       |       ||     1
  Eat: Chunk             |     2 |     8 |    21 |    30 |    44 |    11 |    45 |    43 |    12 ||   216
       Ration            |       |       |     2 |     3 |     3 |     6 |     3 |       |     8 ||    25
Armor: Ring mail         |    34 |    24 |    77 |       |       |       |       |       |       ||   135
       Chain mail        |       |     5 |    60 |       |       |       |       |       |       ||    65
       Plate armour      |       |       |   111 |   380 |   572 |   258 |   422 |       |       ||  1743
       Gold dragon scale |       |       |       |       |       |       |   134 |   410 |    60 ||   604
       Crystal plate arm |       |       |       |       |       |       |       |       |   446 ||   446
Dodge: Dodged            |    52 |    66 |   248 |   296 |   540 |   413 |   689 |   624 |   867 ||  3795
Block: Shield            |       |       |       |       |   720 |   606 |  1015 |   781 |   865 ||  3987

Table legend:
 A = Non-vault XP
 B = Vault XP
 C = Vault XP percentage of total XP
 D = Non-vault monster count
 E = Vault monster count
 F = Vault count percentage of total count
                 A         B        C        D         E       F
            +---------+---------+-------+---------+---------+-------
      Total |  624716 |  583524 |  48.3 |    1413 |     862 |  37.9
            +---------+---------+-------+---------+---------+-------
        D:1 |      35 |       0 |   0.0 |      17 |       0 |   0.0
        D:2 |      78 |       0 |   0.0 |      28 |       0 |   0.0
        D:3 |     120 |     528 |  81.5 |      26 |       3 |  10.3
        D:4 |     748 |      20 |   2.6 |      35 |       3 |   7.9
        D:5 |     791 |      10 |   1.2 |      23 |       4 |  14.8
        D:6 |    1308 |     380 |  22.5 |      33 |       3 |   8.3
        D:7 |    1289 |       0 |   0.0 |      22 |       0 |   0.0
        D:8 |     819 |     740 |  47.5 |      13 |       4 |  23.5
        D:9 |    4994 |    1669 |  25.0 |      37 |       6 |  14.0
       D:10 |    4282 |    2254 |  34.5 |      36 |      12 |  25.0
       D:11 |    1829 |     110 |   5.7 |      15 |       1 |   6.2
       D:12 |    9762 |     517 |   5.0 |      54 |      15 |  21.7
       D:13 |    4358 |    2266 |  34.2 |      15 |       5 |  25.0
       D:14 |   10783 |    2119 |  16.4 |      30 |       1 |   3.2
       D:15 |   10119 |    6152 |  37.8 |      29 |      11 |  27.5
     Lair:1 |    4549 |     208 |   4.4 |      21 |       2 |   8.7
     Lair:2 |    3960 |    1007 |  20.3 |      15 |       1 |   6.2
     Lair:3 |    6030 |    1444 |  19.3 |      16 |       3 |  15.8
     Lair:4 |    7098 |     926 |  11.5 |      26 |       8 |  23.5
     Lair:5 |    6940 |    6702 |  49.1 |      32 |      38 |  54.3
     Lair:6 |   15187 |    7829 |  34.0 |      49 |      47 |  49.0
   Shoals:1 |   19256 |       0 |   0.0 |      34 |       0 |   0.0
   Shoals:2 |    8931 |   14974 |  62.6 |      19 |      10 |  34.5
   Shoals:3 |   10134 |       0 |   0.0 |      20 |       0 |   0.0
   Shoals:4 |   10510 |   27390 |  72.3 |      24 |      46 |  65.7
    Snake:1 |   14226 |    3664 |  20.5 |      33 |       3 |   8.3
    Snake:2 |    8172 |    6334 |  43.7 |      18 |      17 |  48.6
    Snake:3 |   25612 |    6080 |  19.2 |      47 |       2 |   4.1
    Snake:4 |   19908 |   22848 |  53.4 |      39 |      39 |  50.0
    Slime:1 |   19612 |       0 |   0.0 |      27 |       0 |   0.0
    Slime:2 |    4047 |       0 |   0.0 |       6 |       0 |   0.0
    Slime:3 |   22529 |     795 |   3.4 |      42 |       3 |   6.7
    Slime:4 |   15689 |    2429 |  13.4 |      14 |       1 |   6.7
    Slime:5 |    5138 |   15774 |  75.4 |       2 |      12 |  85.7
      Orc:1 |    1479 |       0 |   0.0 |      15 |       0 |   0.0
      Orc:2 |    1428 |    7044 |  83.1 |      14 |      30 |  68.2
      Elf:1 |   22033 |    7470 |  25.3 |      31 |      12 |  27.9
      Elf:2 |   14744 |   26863 |  64.6 |      27 |      30 |  52.6
      Elf:3 |   10418 |   44612 |  81.1 |      22 |      34 |  60.7
   Vaults:1 |    5396 |   22449 |  80.6 |      12 |      41 |  77.4
   Vaults:2 |   35322 |   12042 |  25.4 |      68 |      25 |  26.9
   Vaults:3 |   40043 |   46602 |  53.8 |      61 |      52 |  46.0
   Vaults:4 |   16064 |   59954 |  78.9 |      35 |      60 |  63.2
   Vaults:5 |   17452 |  100375 |  85.2 |      25 |      61 |  70.9
   Depths:1 |   22697 |   12697 |  35.9 |      26 |      12 |  31.6
   Depths:2 |   28570 |   11271 |  28.3 |      49 |      12 |  19.7
   Depths:3 |   36792 |   36256 |  49.6 |      46 |      20 |  30.3
   Depths:4 |   51196 |   29180 |  36.3 |      54 |      34 |  38.6
   Depths:5 |   42239 |   20025 |  32.2 |      31 |      16 |  34.0
      Sewer |       0 |     115 | 100.0 |       0 |      11 | 100.0
    Ossuary |       0 |     233 | 100.0 |       0 |      27 | 100.0
     Bailey |       0 |    1210 | 100.0 |       0 |      30 | 100.0
      IceCv |       0 |    9957 | 100.0 |       0 |      55 | 100.0
            +---------+---------+-------+---------+---------+-------
